 Dungeon Crawl Stone Soup version 0.24.1 (webtiles) character file.

Game seed: 5563070702802428768, levelgen mode: deterministic

12223 H0rd4k the Slicer (level 12, -10/89 HPs)
             Began as a Human Artificer on Mar 31, 2020.
             Mangled by an ice devil (12 damage)
             ... in an ice cave.
             The game lasted 00:41:20 (16969 turns).

H0rd4k the Slicer (Human Artificer)                Turns: 16969, Time: 00:41:21

Health: -10/89     AC:  9    Str: 17    XL:     12   Next: 17%
Magic:  14/14      EV: 17    Int: 14    God:
Gold:   641        SH:  5    Dex: 14    Spells: 11/16 levels left

rFire    + . .     SeeInvis .   z - +2 dagger (drain)
rCold    . . .     Gourm    .   (no shield)
rNeg     . . .     Faith    .   B - +1 leather armour {rF+}
rPois    .         Spirit   .   (no helmet)
rElec    .         Reflect  +   H - scarf {repulsion}
rCorr    .         Harm     .   a - +1 pair of gloves {archery}
MR       .....                  (no boots)
Stlth    +++.......             p - +5 amulet of reflection
HPRegen  0.24/turn              (no ring)
MPRegen  0.14/turn              (no ring)

@: repel missiles
A: molten scales 1, low mp 1, strong 1
a: no special abilities


You were in an ice cave.
You were not hungry.

You visited 2 branches of the dungeon, and saw 16 of its levels.
You also visited: Sewer and Ice Cave.

You collected 641 gold pieces.

Inventory:

Hand Weapons
 c - a +2 scimitar
 z - a +2 dagger of draining (weapon)
 A - a +2 short sword of protection
 D - a +1 hunting sling of flaming
 F - a +4 dagger of chaos
Missiles
 k - 13 javelins (quivered)
 u - 21 poisoned darts
Armour
 a - a +1 pair of gloves of archery (worn)
 B - a +1 leather armour of fire resistance (worn)
 H - a scarf of repulsion (worn)
Jewellery
 p - a +5 amulet of reflection (around neck)
 E - an uncursed amulet of rage
 L - an uncursed ring of protection from fire
Wands
 e - a wand of random effects (11)
 x - a wand of iceblast (19)
 J - a wand of digging (4)
 O - a wand of flame (5)
Scrolls
 f - a scroll of enchant weapon {unknown}
 g - 7 scrolls of enchant armour
 i - 8 scrolls of identify
 j - 2 scrolls of magic mapping {unknown}
 m - a scroll of random uselessness {unknown}
 q - 4 scrolls of teleportation
 r - a scroll of silence {unknown}
 t - a scroll of blinking {unknown}
 y - 2 scrolls of fear {unknown}
 C - 2 scrolls of immolation {unknown}
 G - 3 scrolls of remove curse
 I - a scroll of vulnerability {unknown}
 K - a scroll of fog {unknown}
 M - 2 scrolls of noise {unknown}
 P - a scroll of acquirement {unknown}
Potions
 h - a potion of might
 l - a potion of magic
 n - 2 potions of haste
 o - 3 potions of agility
 s - a potion of degeneration
 v - 2 potions of curing
 w - 2 potions of flight
 N - 3 potions of brilliance
Comestibles
 b - 5 rations


   Skills:
 - Level 6.9 Fighting
 - Level 8.9(9.6) Short Blades
 - Level 5.5(7.9) Long Blades
 + Level 1.8 Throwing
 - Level 6.2 Armour
 + Level 8.8 Dodging
 + Level 5.0 Stealth
 + Level 0.3 Unarmed Combat
 * Level 2.5 Spellcasting
 * Level 2.8 Conjurations
 * Level 1.4 Translocations
 * Level 2.7 Fire Magic
 + Level 5.3 Evocations


You had 11 spell levels left.
You knew the following spells:

 Your Spells              Type           Power        Failure   Level  Hunger
a - Conjure Flame         Conj/Fire      #.......     26%         3    ###....
b - Blink                 Tloc           N/A          22%         2    ###....

Your spell library contained the following spells:

 Spells                   Type           Power        Failure   Level  Hunger
 Flame Tongue             Conj/Fire      #....        9%          1    #......
 Magic Dart               Conj           #...         9%          1    #......
 Throw Flame              Conj/Fire      #.....       13%         2    ###....
 Call Imp                 Summ           #.......     38%         2    ###....
 Slow                     Hex            #.......     38%         2    ###....
 Inner Flame              Hex/Fire       #.......     43%         3    ###....
 Mephitic Cloud           Conj/Pois/Air  #.......     47%         3    ###....
 Sticky Flame             Conj/Fire      #.......     65%         4    #####..
 Fireball                 Conj/Fire      #.........   94%         5    ######.


Dungeon Overview and Level Annotations

Branches:
Dungeon (12/15)            Temple (0/1) D:5            Lair (4/6) D:10
 Shoals (0/4) Lair:4        Sewer (visited)           IceCv (1/1)
  Snake: Lair:2-4    Spider: Lair:2-4       Orc: D:9-12

Altars:
Dithmenos
Okawaru
Trog
Vehumet
Xom
Yredelemnul

Shops:
D:4 [   D:5 ?   D:8 !

Annotations:
D:2 exclusion: downstairs
D:5 2 transporters, exclusion: sky beast, Destapler's ghost, novice HuBe
D:10 Gastronok; Urug
D:11 exclusion: 2 upstairs
Lair:2 exclusions: hydra and spiny frog


Innate Abilities, Weirdness & Mutations

You are partially covered in molten scales. (AC +2)
Your magical capacity is low. (-10% MP)
Your muscles are strong. (Str +2)


Message History

Press: ? - help, Shift-Dir - straight line, f/p - ice devil
Aim: an ice devil (almost dead)
The puff of flame hits the ice devil but does no damage.
The ice devil is almost dead.
The ice devil barely misses you.
Evoke which item? (* to show all) (? for menu, Esc to quit)
Aiming: Throw Flame
Press: ? - help, Shift-Dir - straight line, f/p - ice devil
Aim: an ice devil (almost dead)
The puff of flame hits the ice devil but does no damage.
The ice devil is almost dead.
The ice devil completely misses you.
Evoke which item? (* to show all) (? for menu, Esc to quit)
Aiming: Throw Flame
Press: ? - help, Shift-Dir - straight line, f/p - ice devil
Aim: an ice devil (almost dead)
The puff of flame hits the ice devil but does no damage.
The ice devil is almost dead.
The ice devil hits you!
You die...

.. #### ....
######..##
.....##..##....##
................#
.......4@...∩∩..#
.......##.......#
.....## ###....##
....# ##..## ....
#### ... ..


You could see an ice devil.

Vanquished Creatures
  A hydra (D:12)
  Joseph (D:8)
  A black mamba (Lair:1)
  Psyche (D:8)
  A spiny frog (Lair:2)
  A rime drake (Lair:4)
  3 komodo dragons (Lair:1)
  2 trolls
  A blink frog (Lair:1)
  2 hippogriffs
  6 yaks (Lair:4)
  A wyvern (Lair:1)
  Menkaure (D:7)
  2 hungry ghosts
  3 water moccasins
  5 porcupines
  4 black bears
  4 ice beasts
  2 sky beasts
  An orc warrior (D:11)
  A phantom (D:7)
  A necrophage (D:11)
  2 wolves (D:10)
  A centaur (D:7)
  7 crocodiles
  A big kobold (Sewer)
  7 bullfrogs
  A gnoll sergeant (D:9)
  5 scorpions
  A water moccasin skeleton (D:8)
  6 killer bees
  7 wights
  3 howler monkeys
  2 crimson imps
  A centaur zombie (D:6)
  2 bullfrog zombies
  4 hounds
  2 jellies
  8 orc wizards
  8 orc priests
  Ijyb (D:4)
  2 centaur skeletons
  4 iguanas
  4 worker ants
  A killer bee zombie (D:6)
  A hound zombie (D:6)
  10 adders
  5 gnolls
  A shadow imp (D:11)
  12 white imps
  2 oozes
  An adder skeleton (D:6)
  2 adder zombies
  4 worms
  3 dart slugs (D:1)
  9 leopard geckos
  26 orcs
  9 bats
  5 giant cockroaches
  15 goblins
  11 hobgoblins
  13 jackals
  10 kobolds
  6 quokkas
  4 ball pythons
  5 frilled lizards
  2 gnoll zombies (D:2)
  A leopard gecko skeleton (D:4)
  A quokka skeleton (D:9)
  14 rats
297 creatures vanquished.

Vanquished Creatures (collateral kills)
  A two-headed ogre (D:12)
  A blink frog (Lair:1)
  A basilisk (D:9)
  Grum (D:8)
  An ice beast (D:8)
  An eye of draining (D:9)
  A wolf (D:8)
  An orc priest (D:5)
  A gnoll (D:10)
  2 worms (D:4)
  A leopard gecko (D:4)
  2 orcs
  A frilled lizard (D:4)
15 creatures vanquished.

Vanquished Creatures (others)
  A blink frog (Lair:1)
  A wolf (D:8)
  An ogre (D:10)
  A bullfrog (D:10)
  A killer bee (D:8)
  2 wights (D:9)
  An orc wizard (D:7)
  A bullfrog skeleton (D:10)
  An orc (D:8)
  A bush (D:3)
11 creatures vanquished.

Grand Total: 323 creatures vanquished

Notes
Turn   | Place    | Note
-------+----------+-------------------------------------------
     0 | D:1      | H0rd4k the Human Artificer began the quest for the Orb.
     0 | D:1      | Reached XP level 1. HP: 15/15 MP: 3/3
    62 | D:1      | Reached XP level 2. HP: 19/21 MP: 4/4
   327 | D:1      | Reached XP level 3. HP: 20/26 MP: 5/5
   713 | D:1      | Reached skill level 1 in Armour
  1140 | D:2      | Reached XP level 4. HP: 18/32 MP: 6/6
  1272 | D:2      | Found an iron altar of Okawaru.
  1964 | D:2      | Found a basalt altar of Yredelemnul.
  2447 | D:3      | Reached XP level 5. HP: 21/38 MP: 7/7
  2603 | D:3      | Found a radiant altar of Vehumet.
  2881 | D:4      | Found Cyuczaso's Armour Emporium.
  2898 | D:4      | Found a glowing drain.
  2917 | Sewer    | Entered a sewer
  3205 | Sewer    | Noticed a big kobold
  3318 | Sewer    | Killed a big kobold
  3416 | Sewer    | Found a white marble altar of Elyvilon.
  3518 | D:4      | Reached XP level 6. HP: 31/44 MP: 8/8
  3838 | D:4      | Noticed Ijyb
  3845 | D:4      | Killed Ijyb
  3932 | D:4      | Reached skill level 1 in Throwing
  4446 | D:3      | Found a bloodstained altar of Trog.
  4843 | D:3      | HP: 2/45 [hobgoblin/+0 club (5)]
  5991 | D:3      | Reached XP level 7. HP: 50/51 MP: 9/9
  6346 | D:5      | Entered Level 5 of the Dungeon
  6650 | D:5      | Found a transporter.
  6665 | D:5      | Found a staircase to the Ecumenical Temple.
  6757 | D:5      | Found a shadowy altar of Dithmenos.
  6774 | D:5      | Found Seanuin's Magic Scroll Emporium.
  6821 | D:5      | Identified the +1 leather armour of Pipnojo {rElec rN++
                  | rCorr Str-3}
  6896 | D:5      | Found a transporter.
  6896 | D:5      | Noticed Destapler's ghost (novice HuBe)
  7104 | D:5      | HP: 2/51 [orc wizard/puff of frost (7)]
  7567 | D:6      | Reached XP level 8. HP: 57/57 MP: 10/10
  8145 | D:6      | Reached skill level 5 in Short Blades
  8563 | D:6      | Gained mutation: Your muscles are strong. (Str +2) [potion
                  | of mutation]
  8563 | D:6      | Gained mutation: Your magical capacity is low. (-10% MP)
                  | [potion of mutation]
  8563 | D:6      | Gained mutation: You are partially covered in molten
                  | scales. (AC +2) [potion of mutation]
  8737 | D:7      | Reached XP level 9. HP: 57/64 MP: 11/11
  8812 | D:7      | Reached skill level 5 in Dodging
  9893 | D:7      | Noticed Menkaure
  9903 | D:7      | Killed Menkaure
 10086 | D:8      | Found Daududau's Distillery.
 10090 | D:8      | Reached skill level 1 in Long Blades
 10409 | D:8      | Reached skill level 5 in Armour
 10423 | D:8      | Noticed Grum
 10462 | D:8      | Reached XP level 10. HP: 55/73 MP: 12/12
 10465 | D:8      | Killed Grum
 10509 | D:8      | Noticed Joseph
 10567 | D:8      | Reached skill level 5 in Fighting
 10582 | D:8      | Found a shadowy altar of Dithmenos.
 10897 | D:8      | Noticed Psyche
 10977 | D:8      | Paralysed by something for 2 turns
 10983 | D:8      | Killed Psyche
 10987 | D:8      | Paralysed by Joseph for 4 turns
 11434 | D:9      | Found a shimmering altar of Xom.
 12081 | D:8      | Killed Joseph
 12712 | D:10     | Entered Level 10 of the Dungeon
 12782 | D:10     | Found a staircase to the Lair.
 12893 | D:9      | Reached skill level 5 in Long Blades
 13163 | D:10     | Reached XP level 11. HP: 73/81 MP: 13/13
 13598 | D:10     | You fall into a shaft and drop 2 floors!
 13599 | D:12     | Noticed a five-headed hydra
 13603 | D:12     | Killed a five-headed hydra
 13644 | D:12     | Noticed a two-headed ogre
 13653 | D:12     | Killed a two-headed ogre
 13666 | D:12     | Killed a troll
 14003 | D:10     | Noticed Urug
 14035 | D:11     | Learned a level 3 spell: Conjure Flame
 14179 | D:10     | Noticed Gastronok
 14195 | D:11     | Reached skill level 5 in Evocations
 14247 | D:11     | Noticed a cyan ugly thing
 14307 | Lair:1   | Entered Level 1 of the Lair of Beasts
 14753 | Lair:2   | Noticed a five-headed hydra
 14864 | Lair:1   | Reached skill level 1 in Spellcasting
 14864 | Lair:1   | Reached skill level 1 in Conjurations
 14864 | Lair:1   | Reached skill level 1 in Fire Magic
 15432 | Lair:1   | Learned a level 2 spell: Blink
 15883 | Lair:2   | You fall into a shaft and drop 2 floors!
 15951 | Lair:4   | Reached XP level 12. HP: 74/89 MP: 14/14
 15985 | Lair:4   | Reached skill level 1 in Translocations
 16272 | Lair:4   | Reached skill level 5 in Stealth
 16293 | Lair:4   | Found a staircase to the Shoals.
 16321 | Lair:3   | Found a frozen archway.
 16681 | IceCv    | Entered an ice cave
 16966 | IceCv    | HP: 1/89 [ice devil (13)]
 16969 | IceCv    | Mangled by an ice devil

Levels and vault maps discovered:
D:1:      dpeg_arrival_more_subterranean_lakeside_camping, layout_loops_ring
D:2:      layout_loops_cross, okawaru_gym_becter,
          lemuel_zombie_altar_yredelemnul, corexii_hall_statues_s
D:3:      cheibrodos_greedy_goblins, layout_loops_ring, lemuel_doored_altar,
          overflow_temple_1_default, serial_forest,
          infiniplex_forest_clump_small, infiniplex_forest_clump_small,
          infiniplex_forest_lined_3_way, infiniplex_forest_lined_3_way,
          infiniplex_forest_end_2, infiniplex_forest_zigzag_1,
          infiniplex_forest_straight_4, infiniplex_forest_lined_2
D:4:      layout_rooms, cheibrodos_sewer_entry_drain, serial_shops, shop,
          first_ration, uniq_ijyb
D:5:      layout_basic, minmay_temple_entry_slanted, serial_shops, shop,
          gammafunk_ghost_mausoleum, nicolae_dithmenos_through_a_glass_darkly
D:6:      layout_cave_pools
D:7:      layout_basic, uniq_menkaure
D:8:      layout_loops_ring, nicolae_overflow_hidden_temple, serial_shops, shop,
          uniq_grum, uniq_psyche, uniq_joseph
D:9:      layout_rooms, xom_teletrap_fun
D:10:     layout_rooms, minmay_lair_entry_grove, hangedman_little_slice_of_home,
          uniq_gastronok, uniq_sonja, uniq_urug
D:11:     layout_irregular_city, david_orc_4, minmay_diamond_spiral
D:12:     layout_rooms, serial_bayou_pond_d
Lair:1:   layout_roguey
Lair:2:   layout_cave_pods, lemuel_fruit_fields, lemuel_fruit_fields,
          grunt_megastairs_1
Lair:3:   layout_big_grid, nicolae_spider_entry_non_spiders,
          portal_ice_cave_entry_imps, grunt_forest_small_clearings,
          grunt_megastairs_3, serial_bayou_shore_b
Lair:4:   layout_layer_cave, shoals_dummy_entry, uniq_rupert
IceCv:    ice_cave_tombish

Skill      XL: |  1  2  3  4  5  6  7  8  9 10 11 12 |
---------------+-------------------------------------+-----
Armour         | 1 2 3 4 5 6 |  6.2
Short Blades   | 2 3 4 5 6 8 |  8.9
Fighting       | 2 3 4 6 |  6.9
Throwing       | 1 |  1.8
Dodging        | 3 4 6 7 8 |  8.8
Stealth        | 2 3 4 5 |  5.0
Evocations     | 4 5 |  5.3
Long Blades    | 3 5 |  5.5
Spellcasting   | 2 |  2.5
Conjurations   | 2 |  2.8
Fire Magic     | 2 |  2.7
Translocations | 1 |  1.4
Unarmed Combat | |  0.3

Action                   |  1- 3 |  4- 6 |  7- 9 | 10-12 || total
-------------------------+-------+-------+-------+-------++-------
Melee: Short sword       |   162 |   586 |    49 |       ||   797
       Dagger            |       |       |   519 |   960 ||  1479
       Scimitar          |       |       |    33 |    26 ||    59
       Unarmed           |       |       |       |     4 ||     4
       Punch             |       |       |       |     1 ||     1
Throw: Javelin           |       |    20 |       |     5 ||    25
 Cast: Conjure Flame     |       |       |       |     1 ||     1
Evoke: Wand              |       |    23 |    17 |    42 ||    82
  Use: Scroll            |       |       |     7 |     3 ||    10
       Potion            |       |       |     8 |     4 ||    12
 Stab: Sleeping          |     1 |     2 |     3 |     8 ||    14
       Paralysed         |       |     2 |       |       ||     2
  Eat: Chunk             |       |    15 |    14 |     9 ||    38
       Ration            |       |     1 |       |     4 ||     5
Armor: Leather armour    |    43 |    83 |    97 |   145 ||   368
Dodge: Dodged            |   113 |   226 |   261 |   414 ||  1014
       Deflected         |       |       |       |    21 ||    21
Block: Other             |       |       |    95 |   131 ||   226
       Reflection        |       |       |       |     3 ||     3
       Rpst.: Scimitar   |       |       |     6 |     3 ||     9
